 Dungeon Crawl Stone Soup version 0.30-a0-760-g5a9884bb7c (webtiles) character file.

Game seed: 8000420845791262515

432 dialectric the Slasher (level 7, -7/44 HPs)
             Began as a Gargoyle Fighter on Feb 11, 2023.
             Was a Follower of Qazlal.
             Killed from afar by a steam dragon (16 damage)
             ... with a ball of steam
             ... on level 5 of the Dungeon.
             The game lasted 00:06:02 (3095 turns).

dialectric the Slasher (Gargoyle Fighter)           Turns: 3095, Time: 00:06:03

Health: -7/44      AC: 13    Str: 21    XL:     7   Next: 0%
Magic:  7/7        EV: 10    Int:  9    God:    Qazlal [*.....]
Gold:   213        SH:  2    Dex:  9    Spells: 6/6 levels left

rFire   . . .      SeeInvis .    a - +0 long sword
rCold   . . .      Faith    .    (no shield)
rNeg    + . .      Spirit   .    b - +0 scale mail
rPois   ∞          Reflect  .    n - +0 helmet
rElec   +          Harm     .    k - scarf {+Inv}
rCorr   .          Rampage  .    (no gloves)
Will    .....                    (no boots) Stlth
                                 (no amulet)
HPRegen 0.27/turn                (no ring)
MPRegen 0.10/turn                (no ring)

@: studying Maces & Flails
A: sickness immunity, AC +4, negative energy resistance 1, electricity
resistance, torment resistance 1, petrification resistance
a: Renounce Religion, Evoke Invisibility


You were on level 5 of the Dungeon.
You worshipped Qazlal.
Qazlal was aware of your devotion.
You visited 2 branches of the dungeon, and saw 7 of its levels.

You collected 213 gold pieces.

Inventory:

Hand Weapons
 a - a +0 long sword (weapon)
 h - a +0 longbow
Armour
 b - a +0 scale mail (worn)
 c - a +0 buckler
 k - a scarf of invisibility (worn)
 n - a +0 helmet (worn)
Scrolls
 e - 3 scrolls of fog
 f - 3 scrolls of noise {unknown}
 g - 2 scrolls of enchant armour {unknown}
 i - 5 scrolls of identify {unknown}
 m - a scroll of magic mapping {unknown}
 o - a scroll of teleportation {unknown}
Potions
 d - a potion of heal wounds {unknown}
 j - a potion of invisibility
 l - a potion of resistance {unknown}
 p - 2 potions of curing


   Skills:
 * Level 4.7 Fighting
 - Level 5.0 Long Blades
 + Level 4.4 Armour
 + Level 1.2 Dodging
 - Level 3.3 Shields


You had 6 spell levels left.
You didn't know any spells.
Your spell library contained the following spells:

 Spells                   Type           Power      Damage    Failure   Level
 Dazzling Flash           Conj/Hex       0%         N/A       97%         3
 Agony                    Necr           0%         N/A       100%        5
 Silence                  Hex/Air        0%         N/A       100%        5


Dungeon Overview and Level Annotations

Branches:
Dungeon (6/15)             Temple (1/1) D:4

Altars:
Ashenzari
Elyvilon
Fedhas
Hepliaklqana
Makhleb
Qazlal
Ru
The Shining One

Shops:
D:3 :


Innate Abilities, Weirdness & Mutations

You are immune to sickness and miasma.
Your stone body is resilient. (AC +4)
You are immune to poison.
You resist negative energy. (rN+)
You are resistant to electric shocks. (rElec)
You are resistant to unholy torment.
You are immune to petrification.


Message History

The adder is engulfed in blazing flames.
You kill the adder!
Qazlal accepts your kill.
You have reached level 7!
There is an escape hatch in the ceiling here.
A mysterious force pulls you upwards. The hatch slams shut behind you.
The adder hisses angrily.
You see here a tin of tremorstones (2/2).
Unknown command.
You hit the steam dragon.
The steam dragon is lightly wounded.
The steam dragon breathes steam at you. The ball of steam hits you.
Something shouts, "Slither home, thou horrid idle-headed pot-faker!"
You hit the steam dragon.
The steam dragon is moderately wounded.
The steam dragon closely misses you.
The steam dragon claws you but does no damage.
A worm comes into view.
The steam dragon misses you.
The steam dragon claws you but does no damage.
You hit the steam dragon but do no damage.
The steam dragon is moderately wounded.
The steam dragon bites you! The steam dragon completely misses you.
You barely miss the steam dragon.
The steam dragon is moderately wounded.
The steam dragon bites you! The steam dragon claws you.
You closely miss the steam dragon.
The steam dragon is moderately wounded.
The steam dragon bites you!
* * * LOW HITPOINT WARNING * * *
The steam dragon barely misses you.
You hit the steam dragon but do no damage.
The steam dragon is moderately wounded.
The steam dragon bites you.
* * * LOW HITPOINT WARNING * * *
The steam dragon closely misses you. The steam dragon breathes steam at you.
The ball of steam hits you!
You die...

## #..
#.#
#wS###
#D@#
##}#
###


You could see a steam dragon (catching breath), a worm and an adder.

Vanquished Creatures
  A kobold brigand (D:6)
  A necrophage (D:6)
  A hound (D:4)
  2 orc priests
  2 iguanas (D:4)
  An orc wizard (D:4)
  5 adders
  2 white imps
  3 worms
  4 orcs
  8 ball pythons
  5 endoplasms
  A giant cockroach (D:4)
  2 goblins
  4 hobgoblins
  2 jackals (D:2)
  10 bats
  4 frilled lizards
  A goblin skeleton (D:4)
  2 goblin zombies (D:4)
  2 hobgoblin zombies (D:4)
  9 kobolds
  A kobold zombie (D:4)
  2 orc skeletons (D:4)
  7 rats
82 creatures vanquished.

Vanquished Creatures (others)
  4 plants (D:3)
4 creatures vanquished.

Grand Total: 86 creatures vanquished

Notes
Turn   | Place    | Note
-------+----------+-------------------------------------------
     0 | D:1      | dialectric the Gargoyle Fighter began the quest for the
                  | Orb.
     0 | D:1      | Reached XP level 1. HP: 14/14 MP: 1/1
   202 | D:1      | Reached XP level 2. HP: 19/19 MP: 2/2
   280 | D:1      | Reached skill level 2 in Long Blades
   600 | D:1      | Reached XP level 3. HP: 23/23 MP: 3/3
  1046 | D:2      | Found a blossoming altar of Fedhas.
  1101 | D:2      | You fall into a shaft and drop 2 floors!
  1115 | D:4      | Reached XP level 4. HP: 29/29 MP: 4/4
  1117 | D:4      | Reached skill level 3 in Long Blades
  1132 | D:4      | Found a staircase to the Ecumenical Temple.
  1207 | Temple   | Entered the Ecumenical Temple
  1233 | Temple   | Became a worshipper of Qazlal Stormbringer
  1513 | D:4      | Found a glowing golden altar of the Shining One.
  1516 | D:4      | Reached XP level 5. HP: 33/33 MP: 5/5
  1727 | D:4      | Reached skill level 4 in Long Blades
  1763 | D:4      | Reached XP level 6. HP: 14/38 MP: 6/6
  2109 | D:3      | Reached * piety under Qazlal
  2505 | D:3      | Found Leidghif's Book Emporium.
  2762 | D:3      | Found a broken altar of Ashenzari.
  2765 | D:3      | Found a white marble altar of Elyvilon.
  2803 | D:5      | Entered Level 5 of the Dungeon
  2959 | D:6      | Reached skill level 1 in Dodging
  3073 | D:6      | Reached skill level 5 in Long Blades
  3085 | D:6      | Reached XP level 7. HP: 44/44 MP: 7/7
  3088 | D:5      | Noticed a steam dragon
  3095 | D:5      | Killed from afar by a steam dragon

Illustrated notes

Levels and vault maps discovered:
D:1:      saegor_arrival_simple_d, layout_basic, minmay_tromino_v4_b
D:2:      layout_basic, basic_altar
D:3:      layout_loops_ring, minitemple, serial_shops, nicolae_shop_crystal,
          guppyfry_early_lair_pool
D:4:      layout_basic, nicolae_tso_besieged_by_evil,
          minmay_temple_entry_glassed_door
D:5:      layout_gridville, nicolae_overflow_crystal_walls,
          minmay_hollow_rounded_squares
D:6:      layout_loops_ring, mainiacjoe_overflow_catwalk, uniq_sigmund
Temple:   jpeg_temple_clearing

Skill      XL: |  1  2  3  4  5  6 |
---------------+-------------------+-----
Long Blades    | 2 3 4 5 |  5.0
Armour         | 4 |  4.4
Fighting       | 4 |  4.7
Dodging        | 1 |  1.2
Shields        | |  3.3

Action                     |  1- 3 |  4- 6 |  7- 9 || total
---------------------------+-------+-------+-------++-------
  Melee: Long sword        |   123 |   236 |     6 ||   365
         Punch             |     1 |     3 |       ||     4
    Use: Potion            |     1 |     6 |       ||     7
         Scroll            |       |     1 |       ||     1
   Stab: Invisible         |       |     2 |       ||     2
 Armour: Scale mail        |    84 |   140 |     2 ||   226
         Skin              |       |    32 |       ||    32
  Dodge: Dodged            |    79 |   132 |     5 ||   216
  Block: Other             |       |     5 |       ||     5

Table legend: (Time is in decaauts)
 A = Elapsed time spent in this place.
 B = Non-inter-level travel time spent in this place.
 C = Inter-level travel time spent in this place.
 D = Time resting spent in this place.
 E = Time spent auto-exploring this place.
 F = Levels seen in this place.
 G = Mean time per level.
                   A        B        C        D        E       F      G
               +--------+--------+--------+--------+--------+-----+--------+
         Total |   3179 |   3063 |    116 |    106 |   2074 |   7 |  454.1 |
       Dungeon |   3131 |   3036 |     95 |    106 |   2069 |   6 |  521.8 |
        Temple |     47 |     26 |     21 |      0 |      5 |   1 |   47.0 |
               +--------+--------+--------+--------+--------+-----+--------+

Top non-repeatable levels by time:
     D:4: 926 daAuts
     D:3: 765 daAuts
     D:2: 632 daAuts
     D:1: 504 daAuts
     D:6: 253 daAuts
     D:5: 49 daAuts
  Temple: 47 daAuts
